 Dungeon Crawl Stone Soup version 0.30.1-11-g7821555f0a (webtiles) character file.

Game seed: 12128419241596457798

34671 Woods the Thaumaturge (level 14, -13/103 HPs)
             Began as a Djinni Conjurer on Oct 30, 2023.
             Was a Believer of Ashenzari.
             Mangled by an orc knight
             ... wielding a +0 halberd
              (37 damage)
             ... on level 2 of the Orcish Mines.
             The game lasted 00:54:27 (18183 turns).

Woods the Thaumaturge (Djinni Conjurer)            Turns: 18183, Time: 00:54:28

Health: -13/103    AC:  9    Str:  8    XL:     14   Next: 14%
Gold:   724        EV: 16    Int: 25    God:    Ashenzari [**....] SH:  5 Dex: 14

rFire   + + .        F - staff of cold of Ashenzari's Seeker (curse) {rC+ Will+ Int+2 Dex+2, Fort, Self} (curse)
rCold   . . .        (no shield)
rNeg    + . .        P - +1 robe {Will+}
rPois   ∞            w - +0 helmet
rElec   .            K - +0 cloak of the Chained Omen {Self, Evo} (curse)
rCorr   .            (no gloves)
SInv    +            (boots unavailable)
Will    +++..        i - amulet of the Eternal Gnosis {Reflect SH+5, Self, Fort} (curse)
Stlth   ++++         B - ring of positive energy
HPRegen 0.37/turn    H - +4 ring of protection
MPRegen 0.00/turn

%: reflection, infuse magic (-14 HP)
@: flying
A: sickness immunity, fire resistance 2, cold vulnerability 1, float, innate
caster, HP casting, extra vitality 1
a: Renounce Religion, Shatter the Chains


You were on level 2 of the Orcish Mines.
You worshipped Ashenzari.
Ashenzari was pleased with you.
You visited 4 branches of the dungeon, and saw 16 of its levels.

You collected 1374 gold pieces.
You spent 650 gold pieces at shops.

Inventory:

Hand Weapons
 O - a +4 scimitar of flaming
Armour
 w - a +0 helmet (worn)
 K - the cursed +0 cloak of the Chained Omen (worn) {Self, Evo}
   (You found it on level 11 of the Dungeon)

   It has a curse which improves the following skills: Introspection: Fighting
   and Spellcasting.
   Evocations: Evocations.
 P - a +1 robe of willpower (worn)
Magical Staves
 F - the cursed staff of cold of Ashenzari's Seeker (weapon) {rC+ Will+ Int+2 Dex+2, Fort, Self}
   (You found it on level 4 of the Dungeon)

   [staff of cold]

   Your inability to study Ice Magic prevents you from drawing on the full power
   of this staff in melee.
   Base accuracy: +5 Base damage: 5 Base attack delay: 1.2 This weapon's minimum
   attack delay (0.6) is reached at skill level 12.
   Int:       It affects your intelligence (+2).
   Dex:       It affects your dexterity (+2).
   rC:        It protects you from cold.
   Will:      It increases your willpower.
   It falls into the 'Staves' category.
   It is a one-handed weapon.
   It has a curse which improves the following skills: Fortitude: Armour and
   Shields.
   Introspection: Fighting and Spellcasting.
Jewellery
 i - the cursed amulet of the Eternal Gnosis (around neck) {Reflect SH+5, Self, Fort}
   (You found it on level 2 of the Dungeon)

   [amulet of reflection]

   It reflects blocked missile attacks.
   SH:        It affects your SH (+5).
   It has a curse which improves the following skills: Introspection: Fighting
   and Spellcasting.
   Fortitude: Armour and Shields.
 B - a ring of positive energy (left hand)
 H - a +4 ring of protection (right hand)
 J - a ring of protection from cold
 L - a +4 ring of slaying
Wands
 k - a wand of paralysis (5)
 C - a wand of mindburst (10)
 I - a wand of digging (7)
 N - a wand of roots (2)
Scrolls
 d - 5 scrolls of immolation
 e - 2 scrolls of noise
 l - 2 scrolls of amnesia
 o - 3 scrolls of enchant weapon
 p - a scroll of blinking
 q - 3 scrolls of teleportation
 r - 2 scrolls of brand weapon
 s - 3 scrolls of enchant armour
 u - 2 scrolls of fog
 v - 2 scrolls of torment
 y - a scroll of butterflies
 z - a scroll of magic mapping
 E - a scroll of vulnerability
Potions
 b - a potion of heal wounds
 c - a potion of degeneration
 f - 5 potions of curing
 g - 2 potions of cancellation
 h - 2 potions of attraction
 j - 3 potions of haste
 m - 2 potions of brilliance
 n - a potion of lignification
 t - 2 potions of berserk rage
 x - 2 potions of flight
 A - 3 potions of magic
 D - 2 potions of might
 G - 3 potions of ambrosia
Miscellaneous
 M - a phantom mirror


   Skills:
 - Level 7.9(10.3) Fighting
 + Level 8.6 Dodging
 + Level 8.0 Stealth
 + Level 14.5(16.7) Spellcasting


You knew the following spells:

 Your Spells              Type           Power      Damage    Failure   Level
a - Magic Dart            Conj           100%       1d8       0%          1
b - Searing Ray           Conj           100%       2d8       0%          2
c - Dazzling Flash        Conj/Hex       100%       N/A       0%          3
d - Fulminant Prism       Conj/Hex       40%        3d19      1%          4
e - Iskenderun's Mystic   Conj/Tloc      81%        2d16      1%          4
f - Necrotise             Necr           100%       1d9       0%          1
g - Wereblood             Tmut           81%        N/A       0%          2
h - Ozocubu's Armour      Ice            100%       N/A       0%          3
i - Vampiric Draining     Necr           81%        2d11      0%          3
j - Metabolic Englaciati  Hex/Ice        51%        N/A       1%          5
k - Summon Forest         Summ/Tloc      40%        N/A       1%          5
Your spell library was empty.

Dungeon Overview and Level Annotations

Branches:
Dungeon (12/15)            Temple (1/1) D:7            Lair (1/5) D:10
    Orc (2/2) D:9             Elf (0/3) Orc:2

Altars:
Ashenzari
Cheibriados
Dithmenos
Elyvilon
Fedhas
Hepliaklqana
Makhleb
Nemelex Xobeh
Okawaru
Qazlal
Ru
Wu Jian
Xom
Yredelemnul

Shops:
D:3 !

Annotations:
D:7 2 transporters, ShellytheWitch's ghost, novice TeHu
D:8 exclusion: downstairs
D:10 exclusion: vault guard


Innate Abilities, Weirdness & Mutations

You are immune to sickness and miasma.
You are immune to poison.
Your flesh is very heat resistant. (rF++)
You are vulnerable to cold. (rC-)
You float through the air rather than walking.
You learn spells naturally, not from books.
Your magical power is your life essence.
You have superior vitality. (+4 MHP)


Message History

A fulminant prism comes into view.
The orc knight hits you from afar with a +0 halberd!!
Unknown command.
The orc sorcerer casts a spell.
Your fulminant prism crackles loudly.
Casting: Fulminant Prism (safe; 1% risk of failure)
Confirm with . or Enter, or press ? or * to list all spells.
You erupt in a blast of force!
The mystic blast hits the neqoxec!
The neqoxec is heavily wounded.
The neqoxec is knocked back by the mystic blast.
The neqoxec collides with the orc sorcerer!
The orc sorcerer is almost dead.
The neqoxec is heavily wounded.
The mystic blast hits the orc knight!
The orc knight is severely wounded.
The orc knight is knocked back by the mystic blast.
The orc knight slams into the rock wall!
Your fulminant prism explodes!
The blast of energy engulfs the neqoxec!
The neqoxec is severely wounded.
The blast of energy engulfs the orc high priest!!
The orc high priest is heavily wounded.
The blast of energy engulfs the orc sorcerer!!!
You kill the orc sorcerer!
The neqoxec disappears in a puff of smoke!
The orc knight hits you from afar with a +0 halberd!
* * * LOW HITPOINT WARNING * * *
Your Stealth skill increases to level 8!
Unknown command.
Casting: Iskenderun's Mystic Blast (safe; 1% risk of failure)
Confirm with . or Enter, or press ? or * to list all spells.
Aiming: Fulminant Prism (safe; 1% risk of failure)
Press: ? - help, Dir - move target You conjure a prism of explosive energy!
* * * LOW HITPOINT WARNING * * *
A fulminant prism comes into view.
Unknown command.
The orc knight attacks as you move away!
The orc knight hits you with a +0 halberd!!!
You die...

8.........8.#.#.[[...#
............#.......##
...8...8....#........#
* *
8.........8.#..[.....#
,
....._......#........#
,
###.....#####....)...#
, , , #######
#.#....*)..# , , o
##.#...o)..## ÷o
#.....@#....# , ÷..
##.....##..[##* ....###
#....#.##...)##.)...#..
#...#...##..o.))..# #..
##.##..####[.[)..## #..
###...# ##...### ##.
#....### ##### ##
##.....## ###....#


You could see an orc knight (strong, ally target) and a friendly fulminant
prism.

Vanquished Creatures
  Donald (Orc:2)
  2 ettins
  2 two-headed ogres
  2 orc high priests (Orc:2)
  A skeletal warrior (D:12)
  A deep elf pyromancer (D:12)
  3 orc knights
  An ugly thing (D:11)
  6 orc sorcerers
  A cyclops (Orc:2)
  4 orange demons (D:11)
  2 cane toads
  An efreet (D:11)
  A yaktaur (D:12)
  A red devil (D:11)
  2 hornets (D:8)
  Grinder (D:6)
  7 trolls
  5 blink frogs (Lair:1)
  Sigmund (D:4)
  A wraith (D:10)
  2 shadows (D:9)
  13 yaks (D:11)
  3 wyverns
  3 wargs
  2 steam dragons
  An acid dragon (D:10)
  19 orc warriors
  2 black bears
  2 ice beasts (D:7)
  4 ogres
  5 centaurs
  4 kobold brigands
  2 bullfrogs
  2 gnoll sergeants
  2 scorpions
  3 wights (D:7)
  A vampire bat (D:5)
  12 killer bees
  5 howler monkeys
  3 electric eels (D:10)
  5 hounds
  15 orc priests
  A jelly (D:6)
  A gnoll bouda (D:6)
  3 sleepcaps
  7 iguanas
  18 orc wizards
  Robin (D:2)
  23 gnolls
  10 adders
  3 white imps
  An ufetubus (D:4)
  A worm (D:10)
  2 dart slugs
  3 fire bats (D:5)
  91 orcs
  2 spectral bats (D:5)
  4 ball pythons
  13 bats
  3 bat skeletons (D:5)
  A bat zombie (D:5)
  4 endoplasms
  8 giant cockroaches
  16 goblins
  15 hobgoblins
  5 jackals
  24 kobolds
  5 quokkas
  A bat simulacrum (D:5)
  2 frilled lizards (D:2)
  3 rats
  A spectral kobold (D:6)
428 creatures vanquished.

Vanquished Creatures (collateral kills)
  A komodo dragon (Lair:1)
  A blink frog (Lair:1)
  A bullfrog (Lair:1)
3 creatures vanquished.

Vanquished Creatures (others)
  166 fulminant prisms
  A snaplasher vine (Lair:1)
167 creatures vanquished.

Grand Total: 598 creatures vanquished

Notes
Turn   | Place    | Note
-------+----------+-------------------------------------------
     0 | D:1      | Woods the Djinni Conjurer began the quest for the Orb.
     0 | D:1      | Woods set off with the following spells memorised: Magic
                  | Dart, Searing Ray, Dazzling Flash, Fulminant Prism,
                  | Iskenderun's Mystic Blast.
     0 | D:1      | Reached XP level 1. HP: 15/15 MP: 0/0
   275 | D:1      | Reached XP level 2. HP: 16/22 MP: 0/0
   673 | D:2      | Reached XP level 3. HP: 9/26 MP: 0/0
   673 | D:2      | Learned a level 1 spell: Necrotise
   914 | D:2      | Reached skill level 1 in Fighting
  1112 | D:2      | Noticed Robin
  1121 | D:2      | Killed Robin
  1259 | D:2      | Reached XP level 4. HP: 30/32 MP: 0/0
  1568 | D:3      | Reached XP level 5. HP: 29/37 MP: 0/0
  1568 | D:3      | Learned a level 2 spell: Wereblood
  1587 | D:3      | Reached skill level 4 in Spellcasting
  1881 | D:3      | Found a faded altar of an unknown god.
  1941 | D:3      | Found a burning altar of Makhleb.
  2141 | D:3      | Reached XP level 6. HP: 40/43 MP: 0/0
  2593 | D:3      | Found Vuthanell's Distillery.
  2706 | D:4      | Noticed a black bear
  2899 | D:3      | Killed a black bear
  2900 | D:3      | Reached XP level 7. HP: 16/49 MP: 0/0
  2900 | D:3      | Learned a level 3 spell: Ozocubu's Armour
  3045 | D:4      | Noticed Sigmund
  3121 | D:4      | Killed Sigmund
  3122 | D:4      | Reached skill level 5 in Spellcasting
  3674 | D:4      | Reached XP level 8. HP: 52/56 MP: 0/0
  4196 | D:4      | Identified the staff of cold "Cuik" {rC+ Will+ Int+2 Dex+2}
  4309 | D:5      | Entered Level 5 of the Dungeon
  4325 | D:5      | Identified the +6 glaive "Pampow Dyla" {vamp, rElec rF+++
                  | Will- Int+2}
  4877 | D:5      | Found a stormy altar of Qazlal.
  5037 | D:5      | Reached skill level 5 in Dodging
  5856 | D:6      | Reached skill level 6 in Spellcasting
  5856 | D:6      | Reached XP level 9. HP: 56/63 MP: 0/0
  5856 | D:6      | Learned a level 3 spell: Vampiric Draining
  6359 | D:6      | Noticed Grinder
  6372 | D:6      | Killed Grinder
  6373 | D:6      | Reached skill level 5 in Fighting
  6373 | D:6      | Reached skill level 5 in Stealth
  6743 | D:6      | Noticed a two-headed ogre
  6962 | D:6      | Killed a two-headed ogre
  6963 | D:6      | Reached skill level 7 in Spellcasting
  6963 | D:6      | Reached XP level 10. HP: 60/72 MP: 0/0
  7248 | D:6      | Identified the +6 sling of Ewu Lolell {flame, Str+4}
  7400 | D:6      | Found a hazy altar of Hepliaklqana.
  7423 | D:7      | Found a transporter.
  7426 | D:7      | Found a transporter.
  7426 | D:7      | Noticed ShellytheWitch's ghost (novice TeHu)
  7689 | D:7      | Reached skill level 8 in Spellcasting
  8514 | D:7      | Found a staircase to the Ecumenical Temple.
  8524 | Temple   | Entered the Ecumenical Temple
  8600 | Temple   | Became a worshipper of Ashenzari the Shackled
  9258 | D:8      | Reached skill level 9 in Spellcasting
  9983 | D:9      | Found a shadowy altar of Dithmenos.
  9983 | D:9      | Noticed a two-headed ogre
  9988 | D:9      | Found a staircase to the Orcish Mines.
 10695 | D:9      | Killed a two-headed ogre
 10696 | D:9      | Reached skill level 10 in Spellcasting
 10696 | D:9      | Reached XP level 11. HP: 63/76 MP: 0/0
 10696 | D:9      | Learned a level 5 spell: Metabolic Englaciation
 11065 | D:9      | Found a sacrificial altar of Ru.
 11306 | D:10     | Entered Level 10 of the Dungeon
 11739 | D:10     | Found a staircase to the Lair.
 12229 | D:10     | Found a blossoming altar of Fedhas.
 12229 | D:10     | Found a sparkling altar of Nemelex Xobeh.
 12294 | D:10     | Noticed a vault guard
 12452 | D:10     | Found a snail-covered altar of Cheibriados.
 12692 | D:11     | Reached skill level 11 in Spellcasting
 13482 | D:11     | Noticed a cyan ugly thing
 13498 | D:11     | Killed a cyan ugly thing
 13714 | D:11     | Reached skill level 12 in Spellcasting
 13987 | D:11     | Reached XP level 12. HP: 77/84 MP: 0/0
 14515 | D:3      | Bought a potion of experience for 650 gold pieces
 14515 | D:3      | Reached skill level 14 in Spellcasting
 14515 | D:3      | Reached XP level 13. HP: 88/88 MP: 0/0
 14515 | D:3      | Learned a level 5 spell: Summon Forest
 14664 | Orc:1    | Entered Level 1 of the Orcish Mines
 14665 | Orc:1    | Noticed an ettin
 14912 | D:12     | Noticed an ogre mage
 15083 | Lair:1   | Entered Level 1 of the Lair of Beasts
 15340 | Orc:1    | Killed an ettin
 16147 | Orc:2    | Entered Level 2 of the Orcish Mines
 16147 | Orc:2    | Noticed an ettin
 16153 | Orc:2    | Killed an ettin
 16229 | Orc:2    | Noticed Donald
 16244 | Orc:2    | Killed Donald
 16520 | Orc:2    | Found a staircase to the Elven Halls.
 16545 | Orc:2    | Reached * piety under Ashenzari
 17770 | Orc:1    | Reached XP level 14. HP: 93/101 MP: 0/0
 18004 | Orc:2    | Reached ** piety under Ashenzari
 18183 | Orc:2    | Mangled by an orc knight

Illustrated notes

Levels and vault maps discovered:
D:1:      scummos_arrival_hexagon, layout_loops_cross, skrybe_limestone_x
D:2:      cheibrodos_greedy_goblins, layout_loops_ring, uniq_robin
D:3:      layout_loops_ring, bloody_makhleb,
          hellmonk_ecumenical_altar_prayer_group, serial_shops, shop,
          chequers_decorated_corner, minmay_misc_feat_hallway
D:4:      layout_basic, portal_sewer_entry_f, hangedman_decor_slide_cut,
          minmay_vboxes, uniq_sigmund
D:5:      layout_loops_corners, lemuel_round_altar, hex_large,
          grunt_ministairs_5, goddamned_bats
D:6:      layout_rooms, nicolae_hepliaklqana_monster_ancestors, grunt_potential,
          uniq_grinder
D:7:      layout_basic, minmay_temple_entry_proselytizer, gammafunk_ghost_arena
D:8:      layout_cave_pods
D:9:      layout_cave_pools, nicolae_ru_sacrificial_ziggurat,
          mainiacjoe_overflow_tiny_flanked, dreamdust_mushroom_princess
D:10:     layout_big_octagon, gammafunk_temple_overflow_wave,
          chei_slow_surprise, enter_trove_5,
          hangedman_abyss_or_decor_jellyfish_corner, nicolae_water_bricks
D:11:     layout_basic, minmay_beelzebubs_servants
D:12:     minmay_swirls_squares, layout_loops_ring
Temple:   jpeg_temple_clearing
Lair:1:   layout_misc_corridors, gammafunk_ghost_hive,
          infiniplex_staircase_pool_2, grunt_megastairs_2
Orc:1:    layout_diamond_mine, dreamdust_deal_with_the_devil, mines2_david
Orc:2:    grunt_orc_tribal_feast, layout_caves, bh_open_orc_temple, uniq_donald

Skill      XL: |  1  2  3  4  5  6  7  8  9 10 11 12 13 14 |
---------------+-------------------------------------------+-----
Fighting       | 1 2 3 4 5 6 7 |  7.9
Stealth        | 2 3 4 5 6 7 8 |  8.0
Dodging        | 3 4 5 6 8 |  8.6
Spellcasting   | 4 5 6 7 10 12 14 | 14.5

Action                     |  1- 3 |  4- 6 |  7- 9 | 10-12 | 13-15 || total
---------------------------+-------+-------+-------+-------+-------++-------
  Melee: Unarmed           |     1 |     2 |     3 |       |       ||     6
   Cast: Magic Dart        |    29 |    27 |   105 |    89 |    59 ||   309
         Searing Ray       |    12 |    29 |    64 |    67 |    25 ||   197
         Necrotise         |       |     1 |     1 |     1 |       ||     3
         Fulminant Prism   |       |     4 |    31 |    62 |    70 ||   167
         Dazzling Flash    |       |     2 |       |       |       ||     2
         Iskenderun's Myst |       |       |     8 |    20 |    46 ||    74
         Vampiric Draining |       |       |       |       |     6 ||     6
         Metabolic Englaci |       |       |       |       |     5 ||     5
         Summon Forest     |       |       |       |       |     1 ||     1
 Invoke: Curse Item        |       |       |       |     1 |     2 ||     3
    Use: Scroll            |       |       |     1 |     7 |     1 ||     9
         Potion            |       |       |       |     1 |       ||     1
 Armour: Robe              |     3 |     5 |    18 |     8 |    11 ||    45
  Dodge: Dodged            |     5 |    21 |    70 |    38 |    15 ||   149
  Block: Other             |     3 |     9 |    14 |    19 |    11 ||    56
         Reflection        |       |       |     4 |     7 |     5 ||    16
